Map: Prüfung von Aiur LE

Players

Panda

  • Race: Zerg Zerg
  • League: Diamond
  • Spawn Location: 11:00

apocalisse - Winner!

  • Race: Zerg Zerg
  • Spawn Location: 5:00

VOD

Have the link to the VOD?

Description

Time

  • Played on: Sept. 9, 2017, 9:13 p.m.
  • Length: 3:20
Show
View Real Time Build Order
Export as new Build Order

Panda Zerg 

Build Orders: Pool Only 

Get SALT Encoding   

  12  0:01  Drone  
  13  0:22  Spawning Pool  
  12  0:29  Drone  
  12  0:30  Drone  
  14  1:04  Overlord  
  14  1:07  Extractor  
  14  1:09  Extractor  
  14  1:10  Zergling x4  
  16  1:25  Zergling x2  
  17  1:45  Spine Crawler, Zergling x4  
  18  2:15  Spine Crawler  
  15  2:16  Spine Crawler  
  15  2:19  Zergling x2  
  15  2:20  Zergling x4  
  11  3:00  Spine Crawler  
Show
View Real Time Build Order
Export as new Build Order

apocalisse Zerg - Winner!

Build Orders: Pool First 

Get SALT Encoding   

  12  0:01  Drone  
  13  0:12  Overlord  
  13  0:18  Drone  
  14  0:23  Extractor, Drone  
  15  0:32  Drone  
  15  0:35  Drone  
  17  0:45  Drone  
  17  0:47  Extractor  
  17  0:51  Spawning Pool  
  16  0:58  Drone  
  17  1:06  Drone  
  18  1:21  Hatchery  
  17  1:38  Queen, Zergling x4  
  21  1:42  Zergling x2  
  22  1:51  Metabolic Boost  
  22  1:56  Overlord  
  22  2:14  Zergling x4  
  22  2:23  Zergling x2  
  23  2:36  Zergling x4  
  24  2:43  Baneling Nest  
  23  2:48  Zergling x8  
  23  2:49  Zergling x2  
  25  2:57  Zergling x2  
  23  3:01  Zergling x2  
Tags
 
League
Diamond
Matchup
ZvZ
Race
Zerg
Replay Pack
replays1
Spawn Locations
Cross Positions
Add a new tag
Caveats
  • Supply blocks, unpowered buildings, or Contaminate may cause inaccurate times.
  • Supply counts are checked every 10 seconds.